 Dungeon Crawl Stone Soup version 0.31-a0-7-g51783674b7 (webtiles) character file.

Game seed: 16968581045338164297

383 qeuew the Covered (level 6, -8/55 HPs)
             Began as a Minotaur Fighter on May 5, 2023.
             Was a Follower of Ashenzari.
             Mangled by an orc wizard
             ... wielding a +1 dagger of electrocution
              (19 damage)
             ... on level 6 of the Dungeon.
             The game lasted 00:03:17 (2019 turns).

qeuew the Covered (Minotaur Fighter)                Turns: 2019, Time: 00:03:18

Health: -8/55      AC:  9    Str: 21    XL:     6   Next: 47%
Magic:  5/5        EV: 10    Int:  5    God:    Ashenzari [*.....]
Gold:   216        SH:  5    Dex: 11    Spells: 5/5 levels left

rFire   . . .        a - +0 war axe "Perceptive Ordeal" {Alch, Cun} (curse)
rCold   . . .        c - +0 buckler "Per Aspera Ad Scientiam" {Melee, Cun} (curse)
rNeg    . . .        b - +0 scale mail
rPois   .            (helmet restricted)
rElec   .            g - +1 cloak
rCorr   .            (no gloves)
SInv    .            (no boots)
Will    .....        (no amulet) Stlth
                     (no ring)
HPRegen 0.29/turn    (no ring)
MPRegen 0.09/turn

%: no passive effects
@: mighty
A: horns 2, retaliatory headbutt
a: Renounce Religion, Shatter the Chains


You were on level 6 of the Dungeon.
You worshipped Ashenzari.
Ashenzari was aware of your devotion.
You visited 1 branch of the dungeon, and saw 4 of its levels.

You collected 216 gold pieces.

Inventory:

Hand Weapons
 a - the cursed +0 war axe "Perceptive Ordeal" (weapon) {Alch, Cun}

   It has a curse which improves the following skills: Alchemy: Poison Magic and
   Transmutations.
   Cunning:   Dodging and Stealth.
Armour
 b - a +0 scale mail (worn)
 c - the cursed +0 buckler "Per Aspera Ad Scientiam" (worn) {Melee, Cun}

   It has a curse which improves the following skills: Melee Combat: Short
   Blades, Long Blades, Axes, Maces & Flails, Polearms, Staves and Unarmed
   Combat.
   Cunning:   Dodging and Stealth.
 g - a +1 cloak (worn)
Scrolls
 h - 2 scrolls of silence
 n - a scroll of teleportation
Potions
 e - a potion of brilliance
 f - 7 potions of curing
 i - a potion of haste
 j - 2 potions of flight
 k - a potion of heal wounds
 l - a potion of resistance
 m - a potion of ambrosia


   Skills:
 + Level 4.8 Fighting
 + Level 4.0(4.8) Axes
 * Level 5.8 Armour
 + Level 2.7(3.7) Dodging
 + Level 4.9 Shields


You had 5 spell levels left.
You didn't know any spells.
Your spell library contained the following spells:

 Spells                   Type           Power      Damage    Failure   Level
 Magic Dart               Conj           0%         1d3       86%         1
 Summon Small Mammal      Summ           0%         N/A       86%         1
 Blink                    Tloc           0%         N/A       94%         2
 Searing Ray              Conj           0%         2d4       94%         2
 Call Canine Familiar     Summ           0%         N/A       99%         3
 Summon Guardian Golem    Hex/Summ       0%         N/A       99%         3
 Fulminant Prism          Conj/Hex       0%         3d5       100%        4
 Iskenderun's Mystic Bla  Conj/Tloc      0%         2d3       100%        4
 Passage of Golubria      Tloc           0%         N/A       100%        4


Dungeon Overview and Level Annotations

Branches:
Dungeon (3/15)             Temple (0/1) D:6

Altars:
Ashenzari
Cheibriados

Annotations:
D:6 Eustachio


Innate Abilities, Weirdness & Mutations

You have a pair of horns on your head.
You reflexively headbutt those who attack you in melee.


Message History

You hit the ufetubus. The ufetubus barely misses you. You furiously retaliate!
You headbutt the ufetubus!
You kill the ufetubus!
The ufetubus disappears in a puff of smoke!
The shadow imp barely misses you.
Unknown command.
You slash Eustachio!
Eustachio is heavily wounded.
You hit the shadow imp.
Eustachio mumbles some strange words.
Eustachio blinks!
You block the shadow imp's attack.
Unknown command.
You slash the shadow imp!
You kill the shadow imp!
You closely miss the iron imp.
A magic dart appears from out of thin air!
The magic dart hits you but does no damage.
The iron imp misses you.
Unknown command.
You barely miss something. You headbutt something. You hit the iron imp.
The iron imp barely misses you. Something hits you.
Unknown command.
You miss something. You barely miss the iron imp.
The iron imp disappears in a puff of smoke!
Something hits you but does no damage.
Unknown command.
You completely miss something. Your headbutt misses something.
Something hits you but does no damage.
You are electrocuted!
* * * LOW HITPOINT WARNING * * *
You hear some strange, mumbled words.
Something tries to affect you, but you resist.
Unknown command.
You slash Eustachio!
Eustachio is almost dead.
You barely miss something.
Eustachio casts a spell.
Eustachio blinks!
Something hits you.
* * * LOW HITPOINT WARNING * * *
You are electrocuted!!
You die...

##..#
###...# .
..# #.....#
.. ##
#.#...# ...
#.##### #..
#.# #.# #.#
########.#
#..oo{@ยง.#
...########


You could see 2 orcs.

Vanquished Creatures
  An orc warrior (D:6)
  2 hounds (D:6)
  An orc priest (D:6)
  A sleepcap (D:6)
  An iguana (D:6)
  7 gnolls (D:2)
  3 adders
  A shadow imp (D:6)
  A worm (D:2)
  2 dart slugs (D:2)
  2 bats
  3 endoplasms
  A giant cockroach (D:2)
  5 hobgoblins
  3 quokkas
  3 ball pythons
  4 goblins
  6 kobolds
  3 rats (D:1)
50 creatures vanquished.

Vanquished Creatures (others)
  A fungus (D:2)
  4 plants
5 creatures vanquished.

Grand Total: 55 creatures vanquished

Notes
Turn   | Place    | Note
-------+----------+-------------------------------------------
     0 | D:1      | qeuew the Minotaur Fighter began the quest for the Orb.
     0 | D:1      | Reached XP level 1. HP: 19/19 MP: 0/0
   221 | D:1      | Reached XP level 2. HP: 25/27 MP: 1/1
   426 | D:1      | Reached skill level 4 in Armour
   523 | D:1      | Reached skill level 1 in Dodging
   879 | D:2      | Found a faded altar of an unknown god.
   890 | D:2      | Prayed at the altar of an unknown god.
   890 | D:2      | Became a worshipper of Ashenzari the Shackled
   963 | D:2      | Reached XP level 3. HP: 33/33 MP: 2/2
  1059 | D:2      | Reached XP level 4. HP: 22/40 MP: 3/3
  1410 | D:2      | Found a snail-covered altar of Cheibriados.
  1765 | D:3      | You fall into a shaft and drop 3 floors!
  1833 | D:6      | Reached skill level 5 in Armour
  1833 | D:6      | Reached XP level 5. HP: 47/47 MP: 4/4
  1858 | D:6      | Found a staircase to the Ecumenical Temple.
  1875 | D:6      | Got the Anthology of the Voyage
  1949 | D:6      | Reached * piety under Ashenzari
  1995 | D:6      | Noticed an orc warrior
  1996 | D:6      | Noticed Eustachio
  2002 | D:6      | Killed an orc warrior
  2003 | D:6      | Reached XP level 6. HP: 43/53 MP: 5/5
  2019 | D:6      | Mangled by an orc wizard

Illustrated notes

Levels and vault maps discovered:
D:1:      mrwooster_arrival_statue_2, layout_loops_corners,
          serial_bayou_lagoon_a
D:2:      layout_basic, basic_altar, dreamdust_ecumenical_altar_grove,
          chequers_hall_statues_y
D:3:      minmay_chambers_of_threes, layout_loops_ring,
          nicolae_overflow_ecumenical_swirl, uniq_natasha
D:6:      layout_loops_cross, minmay_temple_entry_waves, corexii_shack,
          uniq_eustachio

Skill      XL: |  1  2  3  4  5 |
---------------+----------------+-----
Armour         | 4 5 |  5.8
Dodging        | 1 2 |  2.7
Shields        | 4 |  4.9
Fighting       | 4 |  4.8
Axes           | 3 4 |  4.0

Action                     |  1- 3 |  4- 6 || total
---------------------------+-------+-------++-------
  Melee: War axe           |    49 |    73 ||   122
         Headbutt          |     5 |    12 ||    17
 Invoke: Curse Item        |     1 |     1 ||     2
    Use: Scroll            |     3 |     2 ||     5
         Potion            |       |     2 ||     2
 Armour: Scale mail        |    14 |    43 ||    57
  Dodge: Dodged            |    36 |    50 ||    86
  Block: Buckler           |    16 |    18 ||    34

Table legend: (Time is in decaauts)
 A = Elapsed time spent in this place.
 B = Non-inter-level travel time spent in this place.
 C = Inter-level travel time spent in this place.
 D = Time resting spent in this place.
 E = Time spent auto-exploring this place.
 F = Levels seen in this place.
 G = Mean time per level.
                   A        B        C        D        E       F      G
               +--------+--------+--------+--------+--------+-----+--------+
         Total |   2068 |   2013 |     55 |      0 |   1681 |   4 |  517.0 |
       Dungeon |   2068 |   2013 |     55 |      0 |   1681 |   4 |  517.0 |
               +--------+--------+--------+--------+--------+-----+--------+

Top non-repeatable levels by time:
     D:2: 953 daAuts
     D:1: 830 daAuts
     D:6: 266 daAuts
     D:3: 17 daAuts
